 Dungeon Crawl Stone Soup version 0.27-a0-965-gbf8bb431c4 (webtiles) character file.

Game seed: 12694028542641354550

5 spiderkeys the Skirmisher (level 1, -17/18 HPs)
             Began as a Demonspawn Abyssal Knight on Apr 12, 2021.
             Was a Follower of Lugonu.
             Killed from afar by a green death (31 damage)
             ... with a bolt of poison
             ... on level 1 of the Abyss.
             The game lasted 00:00:27 (82 turns).

spiderkeys the Skirmisher (Demonspawn Abyssal Knight) Turns: 82, Time: 00:00:28

Health: -17/18     AC:  3    Str: 12    XL:     1   Next: 66%
Magic:  2/2        EV: 11    Int: 13    God:    Lugonu [*.....]
Gold:   0          SH:  0    Dex: 12    Spells: 0/0 levels left

rFire    . . .     SeeInvis .   a - +1 spear
rCold    . . .     Faith    .   (no shield)
rNeg     . . .     Spirit   .   b - +0 leather armour
rPois    .         Reflect  .   (no helmet)
rElec    .         Harm     .   (no cloak)
rCorr    .         Rampage  .   (no gloves)
Will     .....                  (no boots)
Stlth    +.........             (no amulet)
HPRegen  0.06/turn              (no ring)
MPRegen  0.08/turn              (no ring)

@: lethally poisoned (-17 -> -31)
A: no striking features
a: Renounce Religion, Depart the Abyss


You were on level 1 of the Abyss.
You worshipped Lugonu.
Lugonu was aware of your devotion.
You visited 0 branches of the dungeon, and saw 0 of its levels.
You visited the Abyss 1 time.

Inventory:

Hand Weapons
 a - a +1 spear (weapon)
Armour
 b - a +0 leather armour (worn)
Scrolls
 c - a scroll of teleportation {unknown}


   Skills:
 + Level 3.0 Fighting
 * Level 1.9 Polearms
 + Level 1.8 Armour
 + Level 1.0 Dodging
 + Level 2.6 Invocations


You couldn't memorise any spells.
You didn't know any spells.
Your spell library was empty.

Dungeon Overview and Level Annotations

Branches:
Dungeon (0/15)

Altars:


Message History

Welcome, spiderkeys the Demonspawn Abyssal Knight.
Will you prevail where others failed? Will you find the Orb of Zot?
Lugonu says: Depart the Abyss and spread corruption, my servant! (use the ability menu to exit the Abyss) Press ? for a list of commands and other information.
Found a corrupted altar of Lugonu.
Found a gateway leading out of the Abyss.
Found a scroll labelled YKARYU ONUT.
c - a scroll labelled YKARYU ONUT An ufetubus comes into view.
The ufetubus shouts!
The ufetubus hits you but does no damage. x2
You miss the ufetubus. The ufetubus barely misses you.
The ufetubus closely misses you. The ufetubus misses you. x2
You barely miss the ufetubus. The ufetubus misses you.
The ufetubus barely misses you.
You hit the ufetubus.
The ufetubus is moderately wounded.
The ufetubus barely misses you. The ufetubus hits you. x2
The ufetubus barely misses you.
You hit the ufetubus.
You kill the ufetubus!
Your Dodging skill increases to level 1!
A green death comes into view.
The green death roars!
The green death gestures at you.
A smoke demon comes into view.
The smoke demon roars!
The green death gestures at you. The bolt of poison hits you!!
You are lethally poisoned!
Ouch! That really hurt!
You die...

... ..# #.. # #
#.#.#### #.#
#.#. #.# ..#
#..##..## .#.#
#####.#.##...
...
#...#23.##.##.#.
# ##.#@#...2...
#.
###.##.#.#.#..#
##....# ..#..#.
#.#...##.## #.#
##.... .#.... .
###.#.###.###.
#..#.○○....#
#..# 2..#.#.


You could see a green death and a smoke demon.

Vanquished Creatures
  An ufetubus (Abyss:1)
1 creature vanquished.

Notes
Turn   | Place    | Note
-------+----------+-------------------------------------------
     0 | Abyss:1  | spiderkeys the Demonspawn Abyssal Knight began the quest
                  | for the Orb.
     0 | Abyss:1  | Reached XP level 1. HP: 18/18 MP: 2/2
    50 | Abyss:1  | Reached skill level 1 in Dodging
    58 | Abyss:1  | Noticed a green death
    76 | Abyss:1  | Noticed a smoke demon
    82 | Abyss:1  | Killed from afar by a green death

Illustrated notes

Levels and vault maps discovered:
Abyss:1:  base: Temple, base: Temple, evilmike_abyss_exit_12, minivault_23

Skill      XL: |  1 |
---------------+----+-----
Dodging        | 1 |  1.0
Fighting       | |  3.0
Polearms       | |  1.9
Armour         | |  1.8
Invocations    | |  2.6

Action                   || total
-------------------------++-------
Melee: Spear             ||     4
Armor: Leather armour    ||     2
Dodge: Dodged            ||     8

Table legend: (Time is in decaauts)
 A = Elapsed time spent in this place.
 B = Non-inter-level travel time spent in this place.
 C = Inter-level travel time spent in this place.
 D = Time resting spent in this place.
 E = Time spent auto-exploring this place.
 F = Levels seen in this place.
 G = Mean time per level.
                   A        B        C        D        E       F      G
               +--------+--------+--------+--------+--------+-----+--------+
         Total |     82 |     82 |      0 |      0 |      3 |   1 |   82.0 |
         Abyss |     82 |     82 |      0 |      0 |      3 |   1 |   82.0 |
               +--------+--------+--------+--------+--------+-----+--------+

Top non-repeatable levels by time:
 Abyss:1: 82 daAuts
